 Dungeon Crawl Stone Soup version 0.31-a0-949-g57150269e1 (webtiles) character file.

Game seed: 5275851916230911855

156 scionoferis the Chopper (level 5, -3/48 HPs)
             Began as a Minotaur Chaos Knight on Oct 21, 2023.
             Was a Plaything of Xom.
             Slain by a harpy (shapeshifter) (11 damage)
             ... on level 3 of the Dungeon.
             The game lasted 00:03:16 (1710 turns).

scionoferis the Chopper (Minotaur Chaos Knight)     Turns: 1710, Time: 00:03:17

Health: -3/48      AC:  5    Str: 17    XL:     5   Next: 14%
Magic:  4/4        EV: 11    Int:  9    God:    Xom [..*...]
Gold:   102        SH:  0    Dex: 17    Spells: 4/4 levels left

rFire   . . .        a - +0 hand axe (chaos)
rCold   . . .        (no shield)
rNeg    . . .        b - +2 leather armour
rPois   .            (helmet restricted)
rElec   .            (no cloak)
rCorr   .            (no gloves)
SInv    .            (no boots)
Will    .....        (no amulet)
Stlth   +            k - +6 ring of dexterity
HPRegen 0.28/turn    (no ring)
MPRegen 0.09/turn

%: no passive effects
@: about to teleport
A: horns 2, retaliatory headbutt
a: Renounce Religion


You were on level 3 of the Dungeon.
You worshipped Xom.
You were a toy of Xom.
You visited 1 branch of the dungeon, and saw 3 of its levels.

You collected 102 gold pieces.


Innate Abilities, Weirdness & Mutations

You have a pair of horns on your head.
You reflexively headbutt those who attack you in melee.


   Skills:
 + Level 5.1 Fighting
 * Level 6.1 Axes
 - Level 2.4 Armour
 - Level 1.1 Dodging


You had 4 spell levels left.
You didn't know any spells.
Your spell library contained the following spells:

 Spells                   Type           Power      Damage    Failure   Level
 Apportation              Tloc           0%         N/A       43%         1
 Slow                     Hex            0%         N/A       43%         1
 Jinxbite                 Hex            0%         N/A       58%         2
 Confusing Touch          Hex            0%         N/A       82%         3
 Sigil of Binding         Hex            0%         N/A       82%         3
 Vampiric Draining        Necr           0%         2d6       82%         3
 Alistair's Intoxication  Tmut/Pois      0%         N/A       100%        5

Inventory:

Hand Weapons
 a - a +0 hand axe of chaos (weapon)
Missiles
 q - 4 poisoned darts
Armour
 b - a +2 leather armour (worn)
Jewellery
 k - a +6 ring of dexterity (left hand)
   (You found it on level 2 of the Dungeon)
Scrolls
 c - a scroll of butterflies
 f - a scroll of noise
 m - a scroll of enchant armour
 p - a scroll of vulnerability {unknown}
Potions
 d - a potion of enlightenment {unknown}
 g - 2 potions of curing
 h - a potion of heal wounds {unknown}
 i - a potion of mutation {unknown}
 j - a potion of degeneration {unknown}
 l - a potion of attraction {unknown}
 n - 2 potions of cancellation
 o - a potion of resistance {unknown}

Dungeon Overview and Level Annotations

Branches:
Dungeon (3/15)

Altars:

####..#######
#.# # #..# #.# #
#..# ## #.# #
#..# ##.# #.# #
#..######...##.#
#
#.......<....#○#
# ##.######..
#.§# # #.# ##§##
# #.# ## #@H§##
#####.# #.#
#....# ....<.#
#.# #...##
#######
#..###.##
#...#..#
#......#
#......#
#......#
#..#.#.###


You could see a harpy shaped shifter.


Message History

Welcome, scionoferis the Minotaur Chaos Knight.
It's a long way down to the Orb of Zot, but that shouldn't be any trouble.
Xom says: A new plaything!
Press ? for a list of commands and other information.
Found a staircase leading out of the dungeon.
You open the door.
There is an open door here.
You open the door.
There is an open door here.
You open the door.
There is an open door here.
You open the door.
There is an open door here.
You open the door.
There is an open door here.
You open the gate.
There is an open gate here.
A rat comes into view.
A rat is nearby!
You hit the rat. You freeze the rat.
You kill the rat!
No target in view!
d - a scroll labelled WONOCH IROONE A hobgoblin comes into view.
The hobgoblin shouts!
The hobgoblin moves out of view.
A hobgoblin is nearby!
The hobgoblin hits you but does no damage.
You barely miss the hobgoblin. The hobgoblin barely misses you.
You furiously retaliate!
You headbutt the hobgoblin.
You kill the hobgoblin!
No target in view!
e - a scroll labelled ZOSAN YREW
Found a short sword.
Found a stone staircase leading down.
You now have 13 gold pieces.
You pick up a book of Party Tricks and begin reading...
You add the spells Apportation, Jinxbite and Alistair's Intoxication to your library.
Found a robe and a dagger.
f - a scroll labelled RUWKUMP DUYNORR No target in view!
A bat comes into view.
The bat barely misses you.
A bat is nearby!
You closely miss the bat. You headbutt the bat.
You kill the bat!
No target in view!
Found a stone staircase leading down.
A quokka comes into view.
The quokka moves out of view.
You slash the quokka!
You kill the quokka!
No target in view!
Found 5 stones.
Found a helmet.
You see here a +0 helmet.
A bat comes into view.
You hit the bat but do no damage. The bat misses you.
A bat is nearby!
The bat hits you but does no damage. The bat closely misses you.
You miss the bat. The bat hits you but does no damage.
The bat closely misses you. The bat closely misses you.
You hit the bat.
You kill the bat!
Your Axes skill increases to level 4!
No target in view!
Xom almost notices you.
Your leather armour briefly grows fur, then returns to normal.
No target in view!
You see here a +0 short sword.
A hobgoblin comes into view.
Found a bubbling purple potion.
The hobgoblin shouts!
A bat comes into view.
A goblin comes into view. It is wielding a +0 club.
A ball python comes into view.
The ball python hisses angrily.
You hear a shout!
Found a glowing spear.
The hobgoblin misses you. You furiously retaliate!
You headbutt the hobgoblin.
A kobold comes into view. It is wielding a +0 dagger.
You hit the hobgoblin.
You kill the hobgoblin!
The ball python closely misses you. The ball python grabs you.
The ball python constricts you.
You barely miss the ball python. The ball python barely misses you.
You furiously retaliate!
You headbutt the ball python!
You kill the ball python!
You miss the goblin. You headbutt the goblin.
The goblin is heavily wounded.
The bat hits you. The goblin misses you.
The goblin hits you but does no damage.
You barely miss the goblin.
The goblin is heavily wounded.
You hit the bat but do no damage.
The bat resists with some effort.
The bat barely misses you. The goblin closely misses you.
You hit the goblin.
You kill the goblin!
You miss the kobold. The kobold closely misses you.
You have reached level 2!
You closely miss the kobold. You hit the bat.
You kill the bat!
The kobold hits you but does no damage.
You hit the kobold. Lightning courses through the kobold!
You kill the kobold!
No target in view!
HP restored.
Found a stone staircase leading down.
Things that are here:
a +0 dagger; 5 stones; a ball python corpse A rat comes into view.
A rat is nearby!
Found a leather armour.
You slash the rat!
You kill the rat!
Things that are here:
a +0 dagger; 5 stones; a ball python corpse
Found an escape hatch in the floor.
You see here a +2 heavy spear.
g - a bubbling purple potion
d - 2 scrolls labelled WONOCH IROONE (gained 1)
You now have 28 gold pieces (gained 15).
You now have 37 gold pieces (gained 9).
You see here a +0 leather armour.
A hobgoblin comes into view.
The hobgoblin shouts!
A goblin comes into view. It is wielding a +0 dagger.
A bat comes into view.
Found a lumpy inky potion.
The hobgoblin misses you. The bat hits you but does no damage.
You hit the bat.
The bat seems to grow stronger.
Xom thinks this is hilarious!
The bat is moderately wounded.
You hit the hobgoblin but do no damage. The bat barely misses you.
You furiously retaliate!
You headbutt the bat!
You kill the bat!
The hobgoblin hits you but does no damage.
You hit the goblin. You burn the goblin.
The goblin is heavily wounded.
You completely miss the hobgoblin. The hobgoblin barely misses you.
You furiously retaliate!
You headbutt the hobgoblin.
You kill the hobgoblin!
The goblin hits you but does no damage.
Your Fighting skill increases to level 4!
You barely miss the goblin.
The goblin is heavily wounded.
The goblin hits you but does no damage.
You hit the goblin.
You kill the goblin!
No target in view!
No target in view!
A bat comes into view.
A bat is nearby!
The bat barely misses you.
You hit the bat.
The bat is heavily wounded.
The bat hits you but does no damage. The bat closely misses you.
You hit the bat.
The bat seems to speed up.
Your headbutt misses the bat.
The bat is heavily wounded.
The bat hits you but does no damage.
A bat is nearby!
A rat comes into view.
The bat hits you but does no damage. The bat completely misses you.
You furiously retaliate!
You headbutt the bat!
You kill the bat!
A rat is nearby!
A rat is nearby!
The rat misses you.
You barely miss the rat. The rat bites you but does no damage.
You barely miss the rat. The rat barely misses you.
You barely miss the rat. The rat closely misses you.
You hit the rat. You freeze the rat.
You kill the rat!
No target in view!
No target in view!
No target in view!
h - a lumpy inky potion
d - 3 scrolls labelled WONOCH IROONE (gained 1)
A goblin comes into view. It is wielding a +0 club.
You closely miss the goblin. The goblin hits you but does no damage.
You closely miss the goblin. The goblin hits you with a +0 club.
You hit the goblin.
The goblin is heavily wounded.
The goblin hits you but does no damage.
You hit the goblin. You freeze the goblin.
You kill the goblin!
No target in view!
Things that are here:
a +0 club; a goblin corpse A ball python comes into view.
You hit the ball python but do no damage.
The ball python bites you. The ball python closely misses you.
You hit the ball python.
You feel better.
Your headbutt misses the ball python.
The ball python is severely wounded.
The ball python barely misses you. x2
You hit the ball python.
You kill the ball python!
No target in view!
You see here a ball python corpse.
Done exploring.
Done exploring.
There is an escape hatch in the floor here.
Search for what [? for help]? d: You see here a +2 heavy spear.
There is a stone staircase leading down here.
You climb downwards.
The goblin shouts!
Found 8 gold pieces.
There is a stone staircase leading up here.
You slash the goblin!
You kill the goblin!
Found an escape hatch in the floor.
You now have 45 gold pieces (gained 8).
Found a stone staircase leading down.
You now have 60 gold pieces (gained 15).
There is a stone staircase leading down here.
A kobold comes into view. It is wielding a +0 short sword.
Found a bubbling brown potion.
A ball python comes into view.
The kobold hits you but does no damage.
You hit the kobold. Lightning courses through the kobold!
You kill the kobold!
The ball python hisses angrily.
The ball python closely misses you. The ball python grabs you.
The ball python constricts you.
You closely miss the ball python.
The ball python bites you but does no damage.
The ball python constricts you.
You hit the ball python.
You kill the ball python!
No target in view!
HP restored.
i - a bubbling brown potion
Found a beast talisman.
Found a stone staircase leading up.
You see here a beast talisman.
Found a stone staircase leading down.
Found 6 stones.
An adder comes into view.
The adder hisses angrily.
You closely miss the adder. Your headbutt misses the adder.
The adder closely misses you.
A quokka comes into view.
The adder bites you but does no damage.
You closely miss the adder. The adder closely misses you.
You barely miss the adder. You closely miss the quokka.
The adder bites you but does no damage. The quokka bites you.
The adder barely misses you.
You barely miss the adder. You hit the quokka but do no damage.
The quokka evaporates and reforms as a frilled lizard!
The adder bites you.
You miss the adder. You miss the frilled lizard. The adder barely misses you.
The frilled lizard bites you.
You hit the adder.
The adder resists with some effort.
Your headbutt misses the adder.
The adder is heavily wounded.
You hit the frilled lizard. You freeze the frilled lizard.
You kill the frilled lizard!
The quokka returns to its original shape as it dies.
The adder closely misses you. The adder bites you.
You hit the adder.
You feel better.
You kill the adder!
You have reached level 3!
Your experience leads to an increase in your attributes!
Increase (S)trength, (I)ntelligence, or (D)exterity?
You feel agile. x2
You see here an adder corpse.
A goblin comes into view. It is wielding a +0 dagger.
The goblin shouts!
An endoplasm comes into view.
Found a curved jewelled staff.
The endoplasm quivers.
The goblin hits you with a +0 dagger.
You hit the goblin.
You kill the goblin!
The endoplasm freezes you.
You are frozen.
Things that are here:
a +0 dagger; a goblin corpse You hit the endoplasm.
The endoplasm is heavily wounded.
The endoplasm misses you. x2
You hit the endoplasm but do no damage.
The endoplasm is moderately wounded.
The endoplasm hits you but does no damage.
You hit the endoplasm. You freeze the endoplasm.
The endoplasm is almost dead.
The endoplasm hits you.
You hit the endoplasm but do no damage.
The endoplasm seems to slow down.
The endoplasm is almost dead.
The endoplasm is no longer moving slowly.
You hit the endoplasm but do no damage.
The endoplasm is almost dead.
The endoplasm freezes you.
You are frozen.
An endoplasm is nearby!
You hit the endoplasm. You freeze the endoplasm.
You kill the endoplasm! "Whee!"
Your surroundings suddenly seem different.
Unknown command.
Found a stone staircase leading up.
Found an escape hatch in the ceiling.
j - a glowing brown potion;
k - a +6 ring of dexterity You feel agile.
k - a +6 ring of dexterity (left hand)
You see here a staff of air.
Found a dagger.
Xom almost notices you.
A monocle briefly appears over your left eye.
You see here 6 stones.
A worm comes into view.
The worm moves out of view.
The worm bites you!
You hit the worm.
The worm seems to grow stronger.
The worm is moderately wounded.
You barely miss the worm.
The worm is moderately wounded.
The worm bites you!
You are too injured to fight recklessly!
You are too injured to fight recklessly!
You hit the worm.
You feel better.
Your headbutt misses the worm.
The worm is heavily wounded.
You hit the worm.
The worm is poisoned.
The worm is heavily wounded.
The worm barely misses you.
You hit the worm. You freeze the worm.
The worm is severely wounded.
The worm misses you. You furiously retaliate!
You headbutt the worm!
You kill the worm!
There is a stone staircase leading up here.
You see here a worm corpse.
d - 5 scrolls labelled WONOCH IROONE (gained 2)
l - a white potion
Found a spear.
m - a scroll labelled DIDETI TIOTAI You see here a +0 spear.
Found a stone staircase leading down.
You pick up a book of Debilitation and begin reading...
You add the spells Slow, Sigil of Binding, Vampiric Draining and Confusing Touch to your library.
An endoplasm comes into view. 2 rats come into view.
A ball python comes into view.
The ball python hisses angrily.
The endoplasm quivers.
You swing at nothing.
You barely miss the rat. The rat bites you.
You hit the rat.
You feel better.
The rat is heavily wounded.
The rat barely misses you. You furiously retaliate!
You headbutt the rat.
You kill the rat!
You hit the ball python.
You kill the ball python!
You slash the endoplasm!
You kill the endoplasm!
You closely miss the rat. Your headbutt misses the rat.
The rat closely misses you. You furiously retaliate!
You headbutt the rat.
You kill the rat!
You swing at nothing.
g - 2 bubbling purple potions (gained 1)
A frilled lizard comes into view.
The frilled lizard hisses angrily.
You miss the frilled lizard. The frilled lizard closely misses you.
You closely miss the frilled lizard. The frilled lizard barely misses you.
You closely miss the frilled lizard.
Your headbutt misses the frilled lizard.
The frilled lizard closely misses you.
You barely miss the frilled lizard.
The frilled lizard bites you but does no damage.
You hit the frilled lizard.
The frilled lizard seems to slow down.
You freeze the frilled lizard.
You kill the frilled lizard!
No target in view!
You now have 71 gold pieces (gained 11).
You see here a +0 short sword.
There is a stone staircase leading up here.
A quokka comes into view.
The quokka bites you but does no damage.
You closely miss the quokka.
The quokka bites you but does no damage.
You hit the quokka.
The quokka suddenly seems more resistant.
You headbutt the quokka.
You kill the quokka!
No target in view!
n - 2 glowing ruby potions
Found a leather armour.
You see here a +0 leather armour.
Done exploring.
Done exploring.
There is a stone staircase leading down here.
Search for what [Enter for "d:", or ? for help]? d: Unknown command.
You climb downwards.
Found 16 gold pieces and a flail.
There is a stone staircase leading up here.
The helpless hobgoblin fails to defend itself.
You hit the hobgoblin but do no damage. You headbutt the hobgoblin.
The hobgoblin is almost dead.
The endoplasm quivers.
The hobgoblin closely misses you.
You slash the hobgoblin!
You kill the hobgoblin!
You hit the endoplasm.
The endoplasm seems to speed up.
The endoplasm is severely wounded.
The endoplasm barely misses you. You furiously retaliate!
You headbutt the endoplasm, but do no damage.
You hit the endoplasm. You burn the endoplasm.
You kill the endoplasm!
As you read the scroll labelled WONOCH IROONE, it crumbles to dust.
It is a scroll of identify.
e - a scroll of teleportation
As you read the scroll of identify, it crumbles to dust.
f - a scroll of noise
As you read the scroll of identify, it crumbles to dust.
m - a scroll of enchant armour
As you read the scroll of identify, it crumbles to dust.
g - 2 potions of curing
As you read the scroll of identify, it crumbles to dust.
n - 2 potions of cancellation A bat and an endoplasm come into view.
The bat barely misses you.
You barely miss the bat.
The endoplasm quivers.
Your headbutt misses the bat.
You hear Xom's avuncular chuckle.
The endoplasm is moving more slowly.
The bat hits you. The bat hits you but does no damage.
The bat closely misses you.
You see here 16 gold pieces.
You slash the endoplasm! You headbutt the endoplasm.
You kill the endoplasm!
The bat closely misses you.
Your Axes skill increases to level 5!
The bat barely misses you.
You closely miss the bat. The bat barely misses you.
The bat closely misses you.
You see here 16 gold pieces.
The bat closely misses you.
You miss the bat. You headbutt the bat.
You kill the bat!
No target in view!
You now have 87 gold pieces (gained 16).
There is a stone staircase leading up here.
You see here a hobgoblin corpse.
d - a golden potion 2 orcs come into view.
An orc wizard comes into view. It is wielding a +0 dagger.
The orc shouts! x2
An orc priest comes into view. It is wielding a +0 falchion.
The orc hits you but does no damage.
The orc enters a dispersal trap!
The orc wizard blinks!
The orc blinks!
The orc priest blinks!
The orc blinks!
You blink.
The orc priest moves out of view.
Unknown command.
The orc barely misses you.
You barely miss the orc. Your headbutt misses the orc.
The orc hits you with a +0 whip.
You hit the orc. You headbutt the orc.
You kill the orc!
You hit the orc but do no damage.
The orc resists with some effort.
Your headbutt misses the orc. The orc hits you with a +0 mace.
You hit the orc but do no damage. The orc misses you.
You hit the orc wizard.
Lightning courses through the orc wizard!!
You kill the orc wizard!
You hit the orc. You burn the orc. The orc hits you but does no damage.
You have reached level 4!
You feel stronger. The orc priest misses you.
The orc hits you but does no damage.
Things that are here:
a +0 dagger; a +0 robe; an orc corpse You hit the orc priest.
The orc priest is lightly wounded.
You hit the orc but do no damage.
The orc appears confused.
The orc priest looks satisfied for a moment.
The orc hits the orc priest with a +0 mace.
You hit the orc priest.
The orc priest suddenly seems more resistant.
The orc priest is heavily wounded.
You hit the orc.
The orc goes berserk!
The orc rages.
The orc priest closely misses you.
The orc hits the orc priest with a +0 mace!
The orc priest is killed!
The orc barely misses you.
The orc barely misses itself.
You see here a +0 falchion.
You hit the orc but do no damage.
The orc is moving more slowly.
You headbutt the orc, but do no damage.
The orc is severely wounded.
The orc barely misses you.
You hit the orc.
The orc is almost dead.
The orc hits you but does no damage.
You strike the helpless orc from behind!
You hit the orc but do no damage.
The orc is almost dead.
The orc closely misses you.
You hit the orc but do no damage. Lightning courses through the orc!
You kill the orc! "Where it stops, nobody knows!"
Your surroundings suddenly seem different.
Your surroundings suddenly seem different.
Found a fuming cyan potion.
Your surroundings suddenly seem different.
Your surroundings suddenly seem different.
Found a fizzy orange potion.
Found a stone staircase leading down.
Your surroundings suddenly seem different.
Your surroundings suddenly seem different.
Unknown command.
Unknown command.
Found an escape hatch in the ceiling.
An adder comes into view.
Found a ring mail.
The adder hisses angrily.
You slash the adder! You freeze the adder.
You kill the adder!
No target in view!
o - a fuming cyan potion You now have 102 gold pieces (gained 15).
Xom smirks.
You feel aware of your surroundings.
Found an escape hatch in the floor.
There is an escape hatch in the floor here.
A hobgoblin comes into view.
The hobgoblin closely misses you.
You barely miss the hobgoblin. Your headbutt misses the hobgoblin.
The hobgoblin hits you.
You hit the hobgoblin.
You kill the hobgoblin! "This place needs a little more atmosphere."
No target in view!
HP restored.
Found a plate armour.
Found a stone staircase leading up.
Found a stone staircase leading up.
There is a stone staircase leading up here.
A goblin comes into view. It is wielding a +0 club.
The helpless goblin fails to defend itself.
You hit the goblin.
The goblin is heavily wounded.
The goblin hits you but does no damage. x2
You slash the goblin!
You kill the goblin!
No target in view!
A kobold comes into view. It is wielding a +0 short sword.
The helpless kobold fails to defend itself.
You slash the kobold!
You kill the kobold!
No target in view!
Things that are here:
a +0 short sword; 2 stones; a kobold corpse
Found a robe.
No target in view!
p - a scroll labelled LEWEIL VEASH Your trail of clouds dissipates.
You see here a +0 robe.
An iguana comes into view.
The iguana hisses angrily.
Found a stone staircase leading down.
The iguana closely misses you.
You hit the iguana.
You headbutt the iguana, but do no damage.
The iguana is lightly wounded.
The iguana bites you!
You closely miss the iguana.
The iguana is lightly wounded.
The iguana bites you.
You hit the iguana.
The iguana is poisoned.
The iguana is moderately wounded.
The iguana bites you.
You barely miss the iguana.
The iguana is moderately wounded.
The iguana bites you!
* * * LOW HITPOINT WARNING * * *
You are too injured to fight recklessly!
You hit the iguana but do no damage. Lightning courses through the iguana!
You kill the iguana!
Your Fighting skill increases to level 5!
Your Axes skill increases to level 6!
You have reached level 5!
Found 4 poisoned darts.
There is a stone staircase leading down here.
An adder comes into view.
Found 2 fuming cyan potions.
The adder hisses angrily.
The adder bites you.
You closely miss the adder. You headbutt the adder.
The adder is moderately wounded.
The adder bites you but does no damage.
You hit the adder.
The adder seems to grow stronger.
Xom is highly amused!
Your headbutt misses the adder.
The adder is heavily wounded.
The adder bites you.
You miss the adder.
The adder is heavily wounded.
The adder closely misses you.
You closely miss the adder.
The adder is heavily wounded.
The adder bites you. The adder bites you but does no damage.
You barely miss the adder.
The adder is heavily wounded.
The adder closely misses you. You furiously retaliate!
You headbutt the adder.
You kill the adder!
You see here 4 poisoned darts.
q - 4 poisoned darts A hound comes into view.
You see here 2 fuming cyan potions.
The hound bites you.
You barely miss the hound. The hound bites you but does no damage.
You hit the hound but do no damage.
The hound seems to speed up.
The hound barely misses you. The hound bites you.
The hound completely misses you.
You hit the hound.
Nothing appears to happen.
Your headbutt misses the hound.
The hound is moderately wounded.
The hound bites you but does no damage. The hound bites you.
You hit the hound.
The hound changes into a shapeshifter!
The shapeshifter changes into a harpy!
You hit the harpy.
You feel better.
The harpy is lightly wounded.
The harpy claws you!
You emit a cloud of colourful smoke!
The harpy claws you. x2
* * * LOW HITPOINT WARNING * * *
The harpy claws you.
* * * LOW HITPOINT WARNING * * *
Press: ? - help, v - describe, . - travel
Here: a harpy shaped shifter (magical condensation, lightly wounded)
The floor, spattered with blood.
The harpy claws you.
* * * LOW HITPOINT WARNING * * *
The harpy closely misses you.
As you read the scroll of teleportation, it crumbles to dust.
You feel strangely unstable. The harpy claws you!
You die...
Xom howls with laughter!

Skill      XL: |  1  2  3  4 |
---------------+-------------+-----
Axes           | 4 5 6 |  6.1
Fighting       | 4 5 |  5.1
Armour         | |  2.4
Dodging        | |  1.1

Action                     |  1- 3 |  4- 6 || total
---------------------------+-------+-------++-------
  Melee: Hand axe          |    80 |    27 ||   107
         Headbutt          |     7 |     3 ||    10
    Use: Scroll            |     5 |     1 ||     6
   Stab: Sleeping          |     1 |     2 ||     3
         Petrifying        |       |     1 ||     1
 Armour: Leather armour    |    41 |    25 ||    66
  Dodge: Dodged            |    51 |    12 ||    63

Levels and vault maps discovered:
D:1:      shiori_arrival_elements, layout_basic,
          hangedman_decor_clover_reticule, skrybe_limestone_x
D:2:      layout_loops_ring
D:3:      layout_loops_ring

Notes
Turn   | Place    | Note
-------+----------+-------------------------------------------
     0 | D:1      | scionoferis the Minotaur Chaos Knight began the quest for
                  | the Orb.
     0 | D:1      | Reached XP level 1. HP: 19/19 MP: 0/0
   274 | D:1      | Reached skill level 4 in Axes
   279 | D:1      | XOM: silly message
   362 | D:1      | Reached XP level 2. HP: 26/27 MP: 1/1
   448 | D:1      | Reached skill level 4 in Fighting
   632 | D:2      | Reached XP level 3. HP: 31/33 MP: 2/2
   681 | D:2      | XOM: 1-stop teleportation journey
   719 | D:2      | XOM: silly message
  1306 | D:3      | XOM: enchant monster (good)
  1310 | D:3      | Reached skill level 5 in Axes
  1349 | D:3      | Reached XP level 4. HP: 39/41 MP: 3/3
  1377 | D:3      | XOM: 6-stop teleportation journey
  1420 | D:3      | XOM: divination: magic mapping
  1434 | D:3      | XOM: cloud trail
  1587 | D:3      | Reached skill level 5 in Fighting
  1587 | D:3      | Reached skill level 6 in Axes
  1587 | D:3      | Reached XP level 5. HP: 19/48 MP: 4/4
  1706 | D:3      | a hound changed into a shapeshifter
  1706 | D:3      | Noticed a shapeshifter (shapeshifter)
  1706 | D:3      | a shapeshifter changed into a harpy
  1706 | D:3      | Noticed a harpy (shapeshifter)
  1707 | D:3      | XOM: smoke on damage
  1707 | D:3      | HP: 10/48 [harpy (shapeshifter) (5)]
  1710 | D:3      | Slain by a harpy (shapeshifter)

Vanquished Creatures
  An orc priest (D:3)
  An iguana (D:3)
  An orc wizard (D:3)
  3 adders (D:2 D:3)
  A worm (D:2)
  2 orcs (D:3)
  6 bats (D:1 D:3)
  4 endoplasms (D:2 D:3)
  6 goblins (D:1 D:2 D:3)
  5 hobgoblins (D:1 D:3)
  2 quokkas (D:1 D:2)
  4 ball pythons (D:1 D:2)
  2 frilled lizards (D:2)
  3 kobolds (D:1 D:2 D:3)
  5 rats (D:1 D:2)
46 creatures vanquished.

Table legend: (Time is in decaauts)
 A = Elapsed time spent in this place.
 B = Non-inter-level travel time spent in this place.
 C = Inter-level travel time spent in this place.
 D = Time resting spent in this place.
 E = Time spent auto-exploring this place.
 F = Levels seen in this place.
 G = Mean time per level.
                   A        B        C        D        E       F      G
               +--------+--------+--------+--------+--------+-----+--------+
         Total |   1715 |   1640 |     75 |      0 |   1355 |   3 |  571.7 |
       Dungeon |   1715 |   1640 |     75 |      0 |   1355 |   3 |  571.7 |
               +--------+--------+--------+--------+--------+-----+--------+

Top non-repeatable levels by time:
     D:2: 743 daAuts
     D:1: 555 daAuts
     D:3: 416 daAuts

Table legend:
 A = Non-vault XP
 B = Vault XP
 C = Vault XP percentage of total XP
 D = Non-vault monster count
 E = Vault monster count
 F = Vault count percentage of total count
                 A         B        C        D         E       F
            +---------+---------+-------+---------+---------+-------
      Total |     223 |       0 |   0.0 |      46 |       0 |   0.0
            +---------+---------+-------+---------+---------+-------
        D:1 |      28 |       0 |   0.0 |      18 |       0 |   0.0
        D:2 |      37 |       0 |   0.0 |      14 |       0 |   0.0
        D:3 |     158 |       0 |   0.0 |      14 |       0 |   0.0
            +---------+---------+-------+---------+---------+-------
